Map: Fields of Death

Players

Duncan

  • Race: Protoss Protoss

EdibleDXX

  • Race: Terran Terran

A.I. 2 (Harder)

  • Race: Protoss Protoss

A.I. 3 (Harder)

  • Race: Protoss Protoss

VOD

Have the link to the VOD?

Description

Time

  • Played on: Dec. 18, 2015, 8:40 p.m.
  • Length: 23:08
Show
View Real Time Build Order
Export as new Build Order

Duncan Protoss 

Build Orders:  

Get SALT Encoding   

  12  0:02  Probe (Chrono Boost)  
  13  0:23  Pylon  
  13  0:27  Pylon  
  13  0:28  Probe (Chrono Boost)  
  14  0:56  Gateway  
  14  1:45  Nexus  
  14  2:04  Assimilator  
  14  2:09  Cybernetics Core  
  14  2:11  Forge  
  14  2:14  Assimilator  
  14  2:25  Pylon  
  14  2:37  Probe (Chrono Boost)  
  15  2:48  Probe (Chrono Boost)  
  17  2:58  Probe (Chrono Boost)  
  17  3:03  Photon Cannon  
  17  3:05  Photon Cannon  
  17  3:09  Probe (Chrono Boost), Photon Cannon  
  18  3:19  Probe (Chrono Boost), Pylon  
  19  3:25  Pylon  
  19  3:37  Probe (Chrono Boost)  
  20  3:48  Probe (Chrono Boost)  
  21  3:58  Probe (Chrono Boost), Pylon  
  22  4:09  Probe (Chrono Boost)  
  23  4:19  Probe (Chrono Boost)  
  24  4:29  Robotics Facility  
  24  4:30  Probe (Chrono Boost)  
  25  4:33  Robotics Facility  
  25  4:40  Probe (Chrono Boost)  
  26  4:48  Warp Gate  
  26  4:51  Probe (Chrono Boost), Protoss Ground Weapons Level 1  
  27  5:01  Probe (Chrono Boost)  
  28  5:12  Probe (Chrono Boost)  
  29  5:23  Probe (Chrono Boost)  
  30  5:33  Probe (Chrono Boost)  
  31  5:43  Probe (Chrono Boost)  
  31  5:44  Immortal (Chrono Boost)  
  31  5:47  Immortal (Chrono Boost)  
  40  5:53  Probe  
  33  6:38  Immortal (Chrono Boost)  
  39  6:40  Immortal (Chrono Boost)  
  39  6:45  Protoss Ground Armor Level 1  
  37  7:13  Immortal (Chrono Boost)  
  37  7:14  Immortal (Chrono Boost)  
  45  7:32  Photon Cannon  
  45  7:34  Photon Cannon  
  45  7:38  Photon Cannon  
  45  7:40  Photon Cannon  
  45  7:44  Photon Cannon  
  45  7:47  Immortal (Chrono Boost)  
  45  7:48  Immortal (Chrono Boost), Photon Cannon  
  45  7:49  Photon Cannon  
  53  7:54  Photon Cannon  
  53  7:56  Photon Cannon  
  53  8:10  Assimilator  
  53  8:15  Assimilator  
  53  8:28  Pylon  
  53  8:34  Pylon  
  53  8:39  Protoss Shields Level 1  
  53  8:44  Protoss Air Weapons Level 1  
  53  8:55  Twilight Council  
  53  8:57  Stargate  
  53  9:08  Probe  
  54  9:20  Probe  
  55  9:33  Probe  
  56  9:40  Photon Cannon  
  56  9:42  Photon Cannon  
  56  9:45  Probe  
  57  9:47  Photon Cannon  
  57  9:51  Photon Cannon  
  57  9:54  Photon Cannon  
  57  9:57  Probe  
  58  10:09  Immortal (Chrono Boost)  
  58  10:11  Immortal (Chrono Boost)  
  66  10:39  Protoss Air Armor Level 1  
  70  10:43  Immortal (Chrono Boost)  
  70  10:46  Immortal (Chrono Boost)  
  74  10:55  Protoss Ground Weapons Level 2  
  74  11:17  Warp Prism (Chrono Boost)  
  76  11:43  Fleet Beacon  
  76  12:11  Nexus  
  76  12:26  Tempest  
  80  12:39  Protoss Air Weapons Level 2  
  80  13:09  Tempest  
  80  13:10  Protoss Ground Armor Level 2  
  84  13:52  Tempest  
  88  14:35  Tempest (Chrono Boost)  
  92  14:46  Immortal  
  96  14:54  Immortal  
  100  15:10  Assimilator  
  100  15:13  Tempest (Chrono Boost)  
  104  15:15  Assimilator  
  104  15:21  Immortal  
  104  15:26  Protoss Shields Level 2  
  108  16:02  Pylon  
  108  16:04  Pylon  
  108  16:07  Pylon  
  108  16:10  Pylon  
  108  16:11  Pylon  
  108  16:14  Pylon  
  108  16:15  Immortal, Pylon  
  108  16:20  Tempest (Chrono Boost)  
  108  16:22  Immortal  
  120  16:57  Tempest (Chrono Boost)  
  128  17:01  Immortal  
  124  17:35  Tempest (Chrono Boost)  
  66  20:53  Immortal  
  66  20:55  Immortal  
  70  21:02  Tempest (Chrono Boost)  
  74  21:27  Immortal  
  78  21:34  Immortal  
  78  21:39  Tempest (Chrono Boost)  
  86  22:01  Immortal  
  90  22:13  Immortal  
  94  22:16  Tempest (Chrono Boost)  
Show
View Real Time Build Order
Export as new Build Order

EdibleDXX Terran 

Build Orders:  

Get SALT Encoding   

  12  0:03  SCV  
  13  0:15  SCV  
  14  0:26  Supply Depot  
  14  0:43  SCV  
  15  0:54  Barracks  
  15  0:58  Refinery  
  15  1:01  SCV, Refinery  
  16  1:14  SCV  
  17  1:26  SCV  
  18  1:38  SCV  
  19  1:50  SCV  
  19  1:51  Marine  
  21  1:57  Command Center  
  21  2:02  SCV  
  22  2:09  Marine  
  23  2:32  Barracks Tech Lab  
  23  2:35  Factory  
  23  2:42  Supply Depot  
  23  2:57  Stimpack  
  23  3:03  SCV  
  24  3:06  Supply Depot  
  24  3:16  Marine  
  25  3:20  Factory Tech Lab  
  25  3:24  Orbital Command  
  25  3:29  Supply Depot  
  25  3:33  Marine  
  26  3:35  Orbital Command  
  26  3:51  Marine  
  30  3:55  Siege Tank  
  30  4:09  Marine  
  31  4:10  Starport  
  31  4:15  Engineering Bay  
  31  4:18  SCV x2  
  33  4:29  Refinery  
  33  4:30  SCV  
  34  4:38  Siege Tank  
  34  4:43  Terran Infantry Armor Level 1  
  37  4:46  Marine  
  37  4:50  Starport Tech Lab  
  38  5:04  Marine  
  32  5:41  Siege Tank  
  28  5:44  Marine  
  29  6:02  Marine  
  27  6:06  Liberator  
  24  6:13  Siege Tank  
  25  6:20  Marine  
  26  6:31  SCV x2  
  28  6:37  Terran Infantry Weapons Level 1  
  28  6:38  Marine  
  29  6:43  SCV x2  
  29  6:45  Siege Tank  
  32  6:55  Marine  
  27  7:13  Marine  
  26  7:17  Siege Tank  
  29  7:31  Marine  
  30  7:43  SCV  
  31  7:49  Siege Tank  
  34  7:55  SCV  
  35  8:07  SCV  
  36  8:19  SCV  
  37  8:21  Siege Tank  
  40  8:31  SCV  
  40  8:34  Marine  
  42  8:40  Medivac  
  44  8:51  Marine  
  44  8:53  Siege Tank  
  48  9:09  Medivac, Marine  
  49  9:12  Barracks  
  49  9:15  Refinery  
  51  9:27  Marine  
  52  9:39  Medivac  
  52  9:43  SCV  
  52  9:45  Marine  
  56  10:02  Barracks  
  56  10:10  Barracks Reactor  
  56  10:22  Cyclone  
  59  10:31  SCV x2  
  61  10:43  SCV, Liberator  
  61  10:45  Supply Depot  
  62  10:53  SCV  
  62  10:54  Cyclone  
  62  10:55  SCV  
  62  10:56  Barracks Reactor  
  67  10:58  Marine x2  
  67  10:59  Marine  
  73  11:05  SCV  
  73  11:07  SCV  
  73  11:09  Supply Depot  
  75  11:16  Marine x3  
  78  11:26  Cyclone  
  81  11:33  Supply Depot  
  81  11:34  Marine x3  
  84  11:43  Medivac  
  86  11:51  Marine  
  86  11:52  Marine x2  
  89  11:56  Supply Depot  
  89  11:58  Cyclone  
  92  12:10  Marine  
  92  12:13  Medivac  
  95  12:18  Marine  
  95  12:19  Marine x3  
  95  12:20  Supply Depot  
  99  12:24  Missile Turret  
  99  12:26  Liberator  
  99  12:28  Marine  
  100  12:30  Cyclone  
  100  12:33  Sensor Tower  
  100  12:36  Marine  
  104  12:37  Marine x3  
  110  12:45  Marine  
  110  12:48  Missile Turret  
  111  12:54  Marine  
  111  12:55  Marine x3  
  115  13:02  Supply Depot  
  115  13:03  Siege Tank, Marine  
  119  13:09  Liberator  
  119  13:12  Marine x4  
  123  13:21  Marine  
  123  13:26  Supply Depot  
  127  13:31  Marine  
  127  13:32  Marine x3  
  131  13:35  Siege Tank  
  134  13:46  Marine  
  135  13:49  Marine  
  135  13:50  Marine  
  135  13:52  Supply Depot  
  137  14:07  Siege Tank  
  140  14:17  Supply Depot  
  140  14:20  Sensor Tower  
  140  14:39  Siege Tank  
  140  14:43  Supply Depot  
  143  15:07  Supply Depot  
  143  15:11  Siege Tank  
  146  15:46  Command Center  
  146  15:55  Missile Turret  
  146  16:02  Sensor Tower  
  146  16:26  Missile Turret  
  146  16:36  Marine x4  
  146  16:37  Marine  
  151  16:54  Marine x5  
  156  17:04  Orbital Command  
  156  17:05  SCV  
  156  17:06  SCV  
  158  17:12  Marine x5  
  163  17:29  Marine  
  163  17:30  Marine x4  
  168  17:48  Marine  
  169  19:09  Marine  
  170  19:10  Marine x4  
  170  19:13  Siege Tank  
  170  19:15  Medivac  
  172  19:27  Marine  
  172  19:28  Marine x4  
  165  19:45  Medivac, Siege Tank, Marine x3  
  171  19:46  Marine x2  
  160  20:03  Marine x5  
  158  20:15  Medivac  
  158  20:17  Siege Tank  
  153  20:21  Marine  
  85  20:45  Medivac  
  85  20:49  Siege Tank  
  90  20:58  Liberator  
  89  21:21  Siege Tank  
  53  22:11  Medivac  
  53  22:13  Siege Tank  
  58  22:16  Marine x5  
  63  22:33  Marine  
  63  22:34  Marine x4  
  68  22:39  Refinery  
  68  22:43  Refinery  
Show
View Real Time Build Order
Export as new Build Order

A.I. 2 (Harder) Protoss 

Build Orders:  

Get SALT Encoding   

  12  0:01  Probe (Chrono Boost)  
  13  0:11  Probe (Chrono Boost)  
  14  0:20  Pylon  
  14  0:22  Probe (Chrono Boost)  
  15  0:38  Probe (Chrono Boost)  
  16  0:46  Assimilator  
  16  0:48  Probe (Chrono Boost)  
  17  0:50  Gateway  
  17  0:58  Pylon  
  17  0:59  Probe (Chrono Boost)  
  18  1:09  Probe (Chrono Boost)  
  19  1:20  Probe (Chrono Boost)  
  20  1:34  Zealot  
  22  1:41  Cybernetics Core  
  22  1:43  Gateway  
  22  1:44  Assimilator  
  22  2:01  Pylon  
  22  2:13  Warp Gate  
  22  2:15  Adept  
  24  2:28  Zealot  
  26  2:41  Adept, Pylon  
  28  2:54  Adept  
  30  3:03  Probe (Chrono Boost)  
  31  3:07  Adept  
  33  3:15  Probe (Chrono Boost)  
  34  3:20  Adept  
  34  3:21  Pylon  
  37  3:27  Probe (Chrono Boost)  
  37  3:32  Stalker  
  37  3:33  Forge  
  39  3:39  Probe (Chrono Boost)  
  40  3:46  Adept  
  42  3:50  Probe (Chrono Boost)  
  43  4:00  Adept  
  43  4:02  Probe (Chrono Boost)  
  45  4:19  Probe (Chrono Boost)  
  46  4:40  Protoss Ground Weapons Level 1  
  46  4:45  Sentry  
  48  4:48  Gateway  
  48  4:51  Pylon  
  48  4:53  Stalker  
  48  4:56  Nexus  
  50  5:06  Sentry  
  52  5:15  Stalker  
  52  5:18  Pylon  
  42  5:29  Stalker  
  36  5:37  Adept  
  38  5:44  Zealot  
  40  5:52  Stalker  
  42  6:00  Sentry  
  44  6:08  Sentry  
  44  6:09  Probe x2 (Chrono Boost)  
  48  6:16  Sentry  
  48  6:17  Robotics Facility  
  50  6:20  Probe (Chrono Boost)  
  50  6:24  Adept  
  53  6:25  Protoss Ground Armor Level 1  
  53  6:31  Probe (Chrono Boost)  
  53  6:32  Sentry  
  56  6:36  Probe (Chrono Boost), Assimilator  
  56  6:39  Stalker  
  59  6:43  Probe (Chrono Boost)  
  61  6:47  Probe (Chrono Boost), Zealot  
  64  6:55  Probe (Chrono Boost), Photon Cannon  
  64  6:58  Probe (Chrono Boost)  
  65  7:04  Observer  
  65  7:05  Photon Cannon  
  65  7:06  Probe (Chrono Boost)  
  67  7:10  Probe (Chrono Boost)  
  68  7:15  Pylon  
  68  7:17  Probe (Chrono Boost)  
  68  7:18  Pylon  
  68  7:22  Probe (Chrono Boost)  
  70  7:24  Observer  
  70  7:29  Probe (Chrono Boost)  
  72  7:31  Stargate  
  72  7:33  Probe (Chrono Boost)  
  73  7:39  Photon Cannon  
  73  7:40  Probe (Chrono Boost)  
  75  7:44  Probe (Chrono Boost)  
  75  7:48  Photon Cannon  
  75  7:51  Probe (Chrono Boost)  
  76  7:55  Probe (Chrono Boost)  
  76  7:56  Twilight Council  
  77  8:02  Probe (Chrono Boost)  
  77  8:03  Forge  
  78  8:29  Assimilator  
  78  8:40  Void Ray  
  78  8:41  Warp Prism  
  84  8:50  Gateway  
  84  8:51  Nexus  
  84  8:55  Templar Archives  
  84  8:57  Robotics Facility  
  84  9:10  Stargate  
  84  9:12  Warp Prism  
  84  9:19  Pylon  
  86  9:25  Void Ray  
  90  9:40  High Templar  
  90  9:41  Gateway  
  90  9:43  Observer  
  90  9:45  Warp Prism  
  93  9:51  Pylon  
  93  9:52  High Templar  
  97  10:05  Stargate  
  97  10:06  Archon  
  97  10:07  Robotics Bay  
  97  10:10  Assimilator  
  97  10:12  Assimilator  
  97  10:16  High Templar  
  99  10:27  Probe (Chrono Boost)  
  101  10:28  Probe (Chrono Boost)  
  101  10:29  Probe (Chrono Boost)  
  101  10:30  High Templar  
  104  10:38  Probe (Chrono Boost)  
  104  10:39  Probe (Chrono Boost)  
  104  10:41  Probe (Chrono Boost)  
  104  10:42  High Templar, Archon  
  109  10:49  Probe (Chrono Boost)  
  111  10:50  Probe (Chrono Boost)  
  111  10:52  Probe (Chrono Boost)  
  111  10:54  High Templar  
  111  10:55  Pylon  
  114  10:59  Colossus  
  114  11:00  Probe (Chrono Boost)  
  114  11:02  Probe (Chrono Boost)  
  117  11:04  Probe (Chrono Boost)  
  124  11:11  Probe (Chrono Boost)  
  124  11:14  Probe (Chrono Boost)  
  124  11:17  Pylon, Archon  
  125  11:23  Fleet Beacon  
  125  11:37  Oracle  
  125  11:39  Protoss Ground Weapons Level 2  
  125  11:42  Pylon  
  125  11:44  Pylon  
  128  11:50  Protoss Ground Armor Level 2  
  128  12:00  Carrier  
  128  12:06  Photon Cannon  
  134  12:08  Nexus, Photon Cannon  
  134  12:25  Observer Gravitic Boosters  
  134  12:34  Protoss Air Weapons Level 1  
  134  12:53  Zealot  
  134  12:57  Disruptor, Zealot  
  141  13:07  Disruptor  
  144  13:18  Tempest, Gravitic Drive  
  144  13:26  Stalker  
  150  13:33  Disruptor  
  150  13:37  Assimilator  
  150  13:38  Stalker  
  132  13:42  Stalker  
  132  13:45  Stalker  
  132  13:46  Assimilator  
  136  13:49  Stalker, Void Ray  
  136  13:53  Disruptor  
  142  13:55  Blink  
  142  13:56  Tempest  
  142  14:01  Pylon  
  149  14:03  Protoss Shields Level 1  
  149  14:05  Pylon  
  149  14:17  Protoss Air Armor Level 1  
  149  14:25  Protoss Ground Weapons Level 3  
  149  14:26  Photon Cannon  
  149  14:29  Photon Cannon  
  149  15:16  Graviton Catapult  
  149  15:41  Protoss Ground Armor Level 3  
  149  15:51  Nexus  
  149  15:56  Protoss Air Weapons Level 2  
  149  16:17  High Templar  
  150  16:24  High Templar  
  151  16:31  Archon  
  143  16:38  Immortal  
  143  16:39  Observer  
  142  16:41  Phoenix  
  136  16:48  Stalker  
  136  16:50  Protoss Shields Level 2  
  138  16:57  Immortal  
  138  16:59  Phoenix, Carrier  
  150  17:15  Observer  
  151  17:23  Stalker  
  151  17:28  Stalker  
  151  17:29  Probe (Chrono Boost)  
  134  17:30  Pylon  
  134  17:31  Assimilator  
  134  17:32  Stalker  
  134  17:35  Pylon  
  98  17:37  Zealot  
  98  17:42  Zealot  
  81  17:46  Stalker  
  81  17:48  Mothership Core (Chrono Boost), Pylon  
  81  17:50  Zealot, Assimilator  
  87  17:54  Photon Cannon  
  87  17:55  Zealot  
  87  17:58  Nexus  
  89  17:59  High Templar  
  89  18:01  Photon Cannon  
  89  18:03  Sentry  
  89  18:04  Protoss Air Weapons Level 3, Photon Cannon  
  87  18:08  Adept  
  87  18:12  Stalker  
  91  18:16  Stalker  
  93  18:21  Phoenix  
  93  18:26  Zealot  
  97  18:30  Sentry  
  97  18:32  Disruptor  
  99  18:38  High Templar  
  104  18:43  Stalker  
  104  18:47  Stalker  
  108  18:51  Psionic Storm  
  108  18:52  Stalker  
  110  18:55  Probe (Chrono Boost)  
  110  18:56  Sentry, Probe (Chrono Boost)  
  110  18:58  Immortal  
  116  19:02  Phoenix  
  116  19:06  Disruptor  
  121  19:14  Zealot  
  123  19:18  Zealot  
  123  19:22  Pylon  
  123  19:23  High Templar  
  127  19:29  High Templar, Archon  
  129  19:34  High Templar  
  131  19:45  Photon Cannon  
  131  19:53  Photon Cannon  
  131  19:56  Resonating Glaives, Adept  
  131  19:59  Adept  
  135  20:01  Adept  
  135  20:03  Adept  
  135  20:05  Adept  
  127  20:15  Adept  
  127  20:18  Zealot  
  127  20:21  Sentry  
  119  20:23  Adept  
  119  20:25  Stalker  
  104  20:34  Zealot  
  100  20:37  Stalker  
  102  20:44  Zealot  
  102  20:46  Sentry  
  102  20:48  Zealot  
  104  20:52  High Templar  
  106  20:57  Immortal  
  106  20:58  Stalker  
  106  21:01  Pylon  
  106  21:03  High Templar  
  114  21:06  Stalker  
  114  21:09  Stalker  
  117  21:11  Pylon  
  117  21:12  Probe (Chrono Boost)  
  118  21:19  Stalker  
  118  21:20  Immortal  
  118  21:21  Stalker  
  126  21:36  Photon Cannon  
  126  22:00  Observer  
  126  23:02  Dark Shrine  
Show
View Real Time Build Order
Export as new Build Order

A.I. 3 (Harder) Protoss 

Build Orders:  

Get SALT Encoding   

  12  0:01  Probe (Chrono Boost)  
  13  0:11  Probe (Chrono Boost)  
  14  0:19  Pylon  
  14  0:22  Probe (Chrono Boost)  
  15  0:37  Probe (Chrono Boost)  
  15  0:39  Gateway  
  16  0:47  Assimilator  
  16  0:48  Probe (Chrono Boost)  
  17  0:58  Probe (Chrono Boost)  
  17  1:00  Pylon  
  18  1:09  Probe (Chrono Boost)  
  19  1:23  Probe (Chrono Boost), Zealot  
  20  1:31  Cybernetics Core  
  22  1:43  Gateway  
  22  1:47  Assimilator  
  22  2:02  Pylon  
  22  2:04  Adept  
  24  2:12  Warp Gate  
  24  2:30  Adept  
  24  2:31  Adept  
  28  2:44  Pylon  
  28  2:55  Adept  
  28  2:57  Adept  
  32  3:08  Probe (Chrono Boost)  
  34  3:20  Probe (Chrono Boost)  
  34  3:21  Zealot, Pylon  
  34  3:23  Stalker  
  38  3:32  Probe (Chrono Boost)  
  39  3:39  Forge  
  39  3:44  Probe (Chrono Boost)  
  39  3:46  Stalker  
  40  3:53  Adept  
  45  3:56  Probe (Chrono Boost)  
  45  4:07  Probe (Chrono Boost)  
  46  4:23  Probe (Chrono Boost)  
  46  4:41  Protoss Ground Weapons Level 1  
  46  4:49  Sentry  
  46  4:51  Gateway  
  48  4:56  Adept  
  48  4:58  Pylon  
  50  5:04  Nexus  
  50  5:07  Photon Cannon  
  50  5:11  Sentry  
  52  5:18  Stalker  
  54  5:33  Adept, Pylon  
  56  5:35  Robotics Facility  
  56  5:40  Stalker  
  56  5:51  Zealot  
  58  6:03  Photon Cannon  
  58  6:14  Stargate  
  58  6:17  Probe (Chrono Boost)  
  58  6:18  Probe (Chrono Boost)  
  60  6:22  Observer  
  61  6:27  Protoss Ground Armor Level 1  
  61  6:29  Probe x2 (Chrono Boost)  
  61  6:36  Zealot  
  64  6:41  Probe x2 (Chrono Boost)  
  64  6:42  Observer  
  66  6:52  Probe (Chrono Boost)  
  68  6:54  Probe (Chrono Boost)  
  68  6:55  Pylon  
  68  6:58  Pylon  
  68  6:59  Adept  
  68  7:04  Probe (Chrono Boost)  
  68  7:05  Probe (Chrono Boost)  
  70  7:12  Twilight Council  
  70  7:15  Probe (Chrono Boost)  
  68  7:16  Probe (Chrono Boost), Adept  
  62  7:23  Adept  
  62  7:26  Probe (Chrono Boost)  
  62  7:29  Probe (Chrono Boost)  
  64  7:31  Adept  
  67  7:38  Probe (Chrono Boost), Adept  
  67  7:40  Probe (Chrono Boost)  
  70  7:45  Adept  
  70  7:49  Probe (Chrono Boost)  
  74  7:52  Stalker, Probe (Chrono Boost)  
  76  7:59  Stalker  
  76  8:01  Photon Cannon  
  76  8:04  Photon Cannon  
  78  8:09  Forge  
  78  8:33  Assimilator  
  78  8:37  Assimilator  
  78  8:45  Warp Prism  
  78  8:52  Gateway  
  80  8:56  Templar Archives, Nexus  
  80  8:59  Robotics Facility  
  80  9:05  Stargate  
  80  9:18  Warp Prism, Oracle  
  77  9:24  Zealot  
  53  9:33  Zealot  
  55  9:42  Stalker  
  55  9:44  Gateway  
  55  9:45  Observer  
  57  9:52  Stalker, Observer  
  61  10:02  High Templar  
  61  10:04  Observer, Stargate  
  64  10:11  Sentry, Warp Prism  
  68  10:14  Assimilator  
  68  10:17  Probe (Chrono Boost), Assimilator  
  68  10:20  Probe (Chrono Boost)  
  70  10:21  High Templar  
  72  10:30  Probe (Chrono Boost)  
  72  10:32  Probe (Chrono Boost)  
  72  10:33  Robotics Bay  
  72  10:34  Probe (Chrono Boost)  
  75  10:41  Probe (Chrono Boost)  
  76  10:44  Probe (Chrono Boost)  
  76  10:45  Probe (Chrono Boost)  
  76  10:47  Archon  
  76  10:48  High Templar  
  80  10:52  Probe (Chrono Boost)  
  80  10:55  Probe (Chrono Boost)  
  80  10:57  Probe (Chrono Boost), High Templar  
  83  11:03  Probe (Chrono Boost)  
  86  11:06  Probe (Chrono Boost)  
  86  11:08  Probe (Chrono Boost)  
  88  11:14  Probe (Chrono Boost)  
  88  11:15  Colossus  
  88  11:17  Probe (Chrono Boost)  
  90  11:22  Fleet Beacon  
  96  11:31  Archon  
  96  11:32  High Templar  
  98  11:41  High Templar  
  98  11:43  Pylon  
  98  11:46  Pylon, Protoss Ground Weapons Level 2  
  100  11:55  Protoss Ground Armor Level 2  
  100  11:58  Archon  
  100  12:00  Tempest  
  104  12:09  Photon Cannon  
  104  12:10  Photon Cannon  
  104  12:17  Nexus  
  104  12:34  Observer Gravitic Boosters  
  104  12:38  Zealot  
  104  12:41  Zealot  
  108  12:44  Zealot  
  108  12:47  Zealot  
  108  12:50  Stalker  
  114  12:52  Immortal  
  114  12:56  Pylon  
  114  12:57  Stalker  
  114  12:58  Disruptor  
  120  13:03  Stalker  
  125  13:06  Stalker  
  125  13:09  Stalker  
  125  13:12  Stalker  
  131  13:18  Pylon  
  129  13:20  Sentry  
  129  13:25  Stalker  
  133  13:27  Immortal  
  133  13:32  Disruptor  
  137  13:35  Blink  
  137  13:37  Carrier  
  146  13:50  Protoss Shields Level 1  
  146  13:56  Assimilator  
  146  14:01  Pylon  
  146  14:02  Assimilator  
  146  14:08  Gravitic Drive  
  146  14:09  Protoss Air Weapons Level 1  
  146  14:17  Pylon  
  146  14:20  Pylon  
  146  14:28  Protoss Ground Weapons Level 3  
  146  14:43  Photon Cannon  
  146  14:45  Photon Cannon  
  146  15:17  Graviton Catapult  
  146  15:27  Nexus  
  146  15:28  Protoss Ground Armor Level 3  
  146  15:49  Protoss Air Weapons Level 2, Adept  
  148  15:53  Adept  
  148  15:54  Disruptor  
  150  15:58  Disruptor  
  151  16:16  Carrier  
  157  16:28  Observer  
  157  16:32  Observer  
  159  16:49  Protoss Shields Level 2  
  159  16:52  Colossus  
  159  16:55  Assimilator  
  159  16:59  Pylon  
  159  17:01  Pylon  
  159  17:03  Assimilator  
  159  17:19  Dark Shrine  
  159  17:23  Photon Cannon  
  159  17:27  Photon Cannon  
  149  17:53  Protoss Air Armor Level 1  
  147  18:24  Immortal  
  147  19:01  Protoss Shields Level 3  
  147  19:13  Oracle  
  147  19:15  Void Ray, Observer, Zealot  
  147  19:16  Immortal  
  152  19:17  Void Ray  
  152  19:18  Stalker  
  152  19:22  Mothership Core (Chrono Boost)  
  154  19:24  Zealot  
  154  19:25  Photon Cannon  
  154  19:28  Stalker  
  154  19:30  Photon Cannon  
  129  19:33  Immortal  
  129  19:35  Stalker  
  116  19:39  Protoss Air Weapons Level 3  
  116  19:40  Stalker  
  116  19:43  Pylon  
  118  19:46  Probe (Chrono Boost)  
  118  19:47  Void Ray  
  118  19:48  Zealot  
  118  19:49  Probe (Chrono Boost)  
  118  19:51  Nexus, Pylon  
  119  19:55  Immortal  
  119  19:56  Probe (Chrono Boost)  
  119  19:57  Void Ray  
  119  19:58  Probe (Chrono Boost), Zealot  
  125  20:01  Probe (Chrono Boost), Zealot  
  125  20:05  Zealot  
  127  20:07  Probe (Chrono Boost)  
  127  20:09  Sentry  
  127  20:10  Probe (Chrono Boost), Pylon  
  127  20:12  Sentry, Probe (Chrono Boost)  
  133  20:14  Nexus  
  133  20:16  Stalker  
  133  20:17  Tempest, Pylon  
  133  20:19  Probe (Chrono Boost), Photon Cannon  
  141  20:21  Probe (Chrono Boost)  
  141  20:23  Probe (Chrono Boost), Photon Cannon  
  141  20:24  Stalker  
  141  20:28  Stalker  
  143  20:29  Oracle  
  143  20:31  Probe (Chrono Boost)  
  143  20:32  Probe (Chrono Boost), Zealot  
  136  20:35  Zealot  
  136  20:39  Zealot  
  136  20:41  Disruptor  
  133  20:47  Sentry  
  126  20:51  Zealot  
  126  20:55  Stalker  
  130  20:58  Stalker  
  130  21:02  Stalker  
  134  21:09  Zealot  
  136  21:13  Stalker  
  136  21:15  Nexus  
  136  21:18  Zealot  
  140  21:19  Assimilator  
  140  21:21  Pylon  
  140  21:22  Zealot  
  140  21:24  Pylon  
  134  21:25  Stalker  
  134  21:26  Assimilator  
  134  21:29  Stalker  
  134  21:31  Pylon  
  122  21:34  Stalker  
  122  21:35  Pylon  
  122  21:38  Zealot  
  126  21:41  Stalker, Assimilator  
  126  21:43  Assimilator  
  126  21:46  Stalker, Photon Cannon  
  130  21:49  Oracle, Photon Cannon  
  130  21:50  Sentry  
  130  21:53  Assimilator  
  132  21:54  Observer  
  132  21:55  Zealot  
  132  21:56  Photon Cannon  
  132  21:59  Zealot  
  132  22:00  Photon Cannon  
  119  22:03  Disruptor, Zealot  
  116  22:10  Zealot  
  116  22:14  Zealot  
  120  22:17  Sentry  
  120  22:21  Stalker  
  124  22:32  Adept  
  124  22:34  Phoenix  
  132  22:39  Adept  
Tags
 
Add a new tag
Caveats
  • Supply blocks, unpowered buildings, or Contaminate may cause inaccurate times.
  • Supply counts are checked every 10 seconds.